 Dungeon Crawl Stone Soup version 0.21.1 (webtiles) character file.

11393 Zhenya24pyc the Basher (level 11, 0/73 HPs)
             Began as a Gargoyle Fighter on Feb 2, 2018.
             Was a Believer of Okawaru.
             Killed from afar by an orc (21 damage)
             ... with a wand of acid (8)
             ... on level 10 of the Dungeon.
             The game lasted 00:17:58 (9062 turns).

Zhenya24pyc the Basher (Gargoyle Fighter)           Turns: 9062, Time: 00:17:59

Health: 0/73       AC: 21    Str: 26    XL:     11   Next: 77%
Magic:  13/13      EV:  9    Int: 14    God:    Okawaru [**....]
Gold:   238        SH: 10    Dex: 13    Spells: 10/10 levels left

rFire    + . .     SeeInvis .   w - +6 flail (venom)
rCold    + . .     Gourm    .   c - +0 shield
rNeg     + . .     Faith    .   j - +1 chain mail {rC+}
rPois    ∞         Spirit   .   K - +0 hat "Fumpozo" {rElec rF+ Int+5 Dex+2} (curse)
rElec    +         Reflect  .   (no cloak)
rCorr    .         Harm     .   e - +0 pair of gloves
MR       .....                  (no boots)
Stlth    ..........             (no amulet)
HPRegen  0.22/turn              G - +3 ring of strength
MPRegen  0.13/turn              m - +2 ring of dexterity

@: no status effects
A: negative energy resistance 1, electricity resistance, unbreathing,
petrification resistance, rot immunity, AC +8
a: Heroism, Renounce Religion


You were on level 10 of the Dungeon.
You worshipped Okawaru.
Okawaru was pleased with you.
You were not hungry.

You visited 2 branches of the dungeon, and saw 11 of its levels.

You collected 436 gold pieces.
You spent 198 gold pieces at shops.

Inventory:

Hand Weapons
 w - a +6 flail of venom (weapon)
Armour
 c - a +0 shield (worn)
 e - a +0 pair of gloves (worn)
 j - a +1 chain mail of cold resistance (worn)
 K - the cursed +0 hat "Fumpozo" (worn) {rElec rF+ Int+5 Dex+2}
   (You found it on level 9 of the Dungeon)

   It affects your intelligence (+5).
   It affects your dexterity (+2).
   It protects you from fire.
   It insulates you from electricity.
   It has a curse placed upon it.
Jewellery
 m - a +2 ring of dexterity (right hand)
 G - a +3 ring of strength (left hand)
 H - an uncursed ring of resist corrosion
Wands
 l - a wand of flame (78)
 r - a wand of acid (17)
 s - a wand of polymorph (15)
 D - a wand of digging (9)
 I - a wand of iceblast (7)
Scrolls
 g - 5 scrolls of teleportation
 i - 4 scrolls of enchant weapon
 k - 2 scrolls of identify
 q - a scroll of blinking {unknown}
 u - 4 scrolls of enchant armour
 v - 3 scrolls of magic mapping
 x - 2 scrolls of remove curse
 y - a scroll of immolation
 J - a scroll of fear {unknown}
Potions
 a - a potion of magic
 d - 4 potions of might
 h - a potion of agility
 n - a potion of cancellation {unknown}
 o - 2 potions of mutation {unknown}
 p - 4 potions of berserk rage
 t - a potion of ambrosia
 z - 5 potions of heal wounds
 A - 2 potions of lignification
 B - a potion of curing {unknown}
 C - a potion of flight {unknown}
 F - 3 potions of resistance
Comestibles
 b - 14 chunks of flesh
 f - 20 rations


   Skills:
 + Level 10.8 Fighting
 + Level 11.6 Maces & Flails
 + Level 8.2 Armour
 + Level 6.4 Dodging
 - Level 3.2 Shields
 + Level 3.0 Invocations


You had 10 spell levels left.
You didn't know any spells.

Dungeon Overview and Level Annotations

Branches:
Dungeon (10/15)            Temple (1/1) D:5            Lair (0/6) D:8
    Orc: D:9-12

Altars:
Ashenzari
Cheibriados
Dithmenos
Elyvilon
Fedhas
Gozag
Hepliaklqana
Kikubaaqudgha
Makhleb
Nemelex Xobeh
Okawaru
Qazlal
Sif Muna
Trog
Uskayaw
Vehumet
Wu Jian
Xom
Yredelemnul
Zin
The Shining One

Shops:
D:8 *

Annotations:
D:10 exclusion: 2 oklob plants


Innate Abilities, Weirdness & Mutations

You are resistant to torment.
Your stone body is resilient. (AC +8)
You are immune to poison.
You resist negative energy. (rN+)
You are resistant to electric shocks. (rElec)
You can survive without breathing.
You are immune to petrification.
You are immune to rotting.


Message History

The orc wizard casts a spell at you. The magic dart hits your worker ant.
Your worker ant misses the orc wizard.
Your necrophage hits the orc wizard.
The orc wizard looks less resilient!
The orc wizard hits your necrophage with a dagger.
Your worker ant misses the orc wizard.
Your necrophage hits the orc wizard.
Your worker ant barely misses the orc wizard.
The orc hits your worker ant but does no damage.
The orc wizard hits your necrophage with a dagger.
There is a stone staircase leading down here.
Your worker ant bites the orc wizard.
Something hits your worker ant but does no damage.
Something hits your worker ant. Something bites your necrophage.
The puff of flame hits your necrophage.
Your necrophage is destroyed!
Your necrophage's corpse dissolves into shadows!
You start resting.
The orc zaps a wand.
The bolt of acid hits you!
You die...

#..#≈....≈
≈..
#..#;....≈
≈..
#..#≈....≈
..
#..#≈....≈
#..#≈....≈
#.o# #..##
#a..##
#.@..#
#.....#
#......# #
##......#
.
##.......
. #......
#.....
#....


You could see an orc and a friendly worker ant.

Vanquished Creatures
  5 two-headed ogres
  Pikel (D:4)
  A troll (D:9)
  A hippogriff (D:9)
  The ghost of p0werm0de the Sneak, an amateur OpEn of Qazlal (D:4)
  A wraith (D:10)
  5 yaks (D:8)
  A steam dragon (D:10)
  4 hogs (D:7)
  A wyvern (D:9)
  2 basilisks (D:8)
  A human (D:7)
  2 hungry ghosts
  Edmund (D:4)
  3 water moccasins (D:9)
  Duvessa (D:4)
  A swamp worm (D:10)
  3 orc warriors
  3 porcupines (D:8)
  3 ice beasts
  4 sky beasts
  3 phantoms
  An ogre (D:8)
  3 centaurs
  A crocodile (D:8)
  A big kobold (D:8)
  A water moccasin zombie (D:5)
  2 bullfrogs
  Dowan (D:4)
  3 scorpions
  A water moccasin skeleton (D:8)
  6 killer bees (D:7)
  4 crimson imps
  6 howler monkeys
  4 hounds
  4 jellies
  6 orc priests
  3 iguanas
  3 bullfrog skeletons (D:9)
  7 orc wizards
  8 worker ants
  A hound skeleton (D:4)
  2 hound zombies
  Robin (D:3)
  2 worker ant zombies
  3 gnolls (D:8)
  8 adders
  A gnoll zombie (D:9)
  2 shadow imps (D:7)
  An ooze (D:3)
  8 worms
  3 dart slugs
  4 leopard geckos
  42 orcs
  A ball python (D:3)
  A giant cockroach (D:1)
  14 goblins
  6 hobgoblins
  20 jackals
  10 kobolds
  2 quokkas
  9 bats
  2 frilled lizards
  4 rats
260 creatures vanquished.

Vanquished Creatures (collateral kills)
  An orc warrior (D:10)
1 creature vanquished.

Vanquished Creatures (others)
  A wizard (D:3)
  4 plants
5 creatures vanquished.

Grand Total: 266 creatures vanquished

Notes
Turn   | Place    | Note
-------+----------+-------------------------------------------
     0 | D:1      | Zhenya24pyc the Gargoyle Fighter began the quest for the Orb.
     0 | D:1      | Reached XP level 1. HP: 14/14 MP: 1/1
   177 | D:1      | Reached XP level 2. HP: 15/19 MP: 2/2
   442 | D:1      | Reached skill level 3 in Maces & Flails
   478 | D:1      | Reached XP level 3. HP: 24/24 MP: 3/3
  1422 | D:2      | Found a hazy altar of Hepliaklqana.
  1611 | D:3      | Reached XP level 4. HP: 28/29 MP: 4/4
  1693 | D:3      | HP: 1/29 [orc priest/divine providence (15)]
  2134 | D:3      | Noticed Robin
  2142 | D:3      | Killed Robin
  2194 | D:3      | Reached skill level 4 in Maces & Flails
  2231 | D:3      | Reached XP level 5. HP: 30/34 MP: 5/5
  2240 | D:3      | Found a bloodstained altar of Trog.
  2241 | D:3      | Noticed a wizard
  2246 | D:3      | Killed a wizard
  2723 | D:4      | Reached skill level 5 in Maces & Flails
  2974 | D:4      | Noticed Edmund
  2986 | D:4      | Killed Edmund
  2986 | D:4      | Reached skill level 5 in Fighting
  2986 | D:4      | Reached XP level 6. HP: 39/40 MP: 6/6
  3024 | D:4      | Reached skill level 6 in Maces & Flails
  3032 | D:4      | Reached XP level 7. HP: 29/44 MP: 7/7
  3063 | D:4      | Noticed Dowan
  3065 | D:4      | Noticed Duvessa
  3078 | D:4      | Killed Dowan
  3086 | D:4      | Killed Duvessa
  3454 | D:4      | Noticed Pikel
  3465 | D:4      | Killed Pikel
  3465 | D:4      | Reached skill level 8 in Maces & Flails
  3465 | D:4      | Reached XP level 8. HP: 47/52 MP: 8/8
  3510 | D:4      | Noticed p0werm0de's ghost (amateur OpEn)
  3514 | D:4      | Killed p0werm0de's ghost
  3814 | D:5      | Entered Level 5 of the Dungeon
  3814 | D:5      | Found a shimmering altar of Xom.
  3892 | D:5      | Reached skill level 1 in Dodging
  3902 | D:5      | Found a shadowy altar of Dithmenos.
  4345 | D:5      | Found a staircase to the Ecumenical Temple.
  4359 | Temple   | Entered the Ecumenical Temple
  4639 | D:6      | Reached skill level 9 in Maces & Flails
  4639 | D:6      | Reached XP level 9. HP: 54/57 MP: 9/9
  5102 | D:6      | Found an opulent altar of Gozag.
  5559 | D:7      | Found a white marble altar of Elyvilon.
  5649 | D:7      | Reached skill level 10 in Maces & Flails
  5896 | D:7      | Reached XP level 10. HP: 65/65 MP: 10/10
  5902 | D:7      | Reached skill level 5 in Armour
  5967 | D:7      | Found a sparkling altar of Nemelex Xobeh.
  6164 | D:7      | Found a glowing silver altar of Zin.
  6482 | D:8      | Found a burning altar of Makhleb.
  6726 | D:8      | Found a staircase to the Lair.
  6913 | D:8      | Reached skill level 5 in Dodging
  7105 | D:8      | Noticed a two-headed ogre
  7111 | D:8      | Killed a two-headed ogre
  7408 | D:8      | Found Maoserph's General Store.
  7412 | D:8      | Bought a +1 chain mail of cold resistance for 198 gold pieces
  7510 | D:8      | Reached skill level 10 in Fighting
  7513 | D:8      | Found a blossoming altar of Fedhas.
  7598 | D:9      | Reached skill level 11 in Maces & Flails
  7598 | D:9      | Reached XP level 11. HP: 72/72 MP: 11/11
  7614 | D:9      | Noticed a two-headed ogre
  7625 | D:9      | Killed a two-headed ogre
  7731 | D:9      | Found a shattered altar of Ashenzari.
  7776 | D:9      | Found an iron altar of Okawaru.
  7787 | D:9      | Became a worshipper of Warmaster Okawaru
  7923 | D:9      | Found a transporter.
  7948 | D:9      | Found a transporter.
  7972 | D:9      | Got a spiked hat
  8000 | D:9      | Identified the cursed +0 hat "Fumpozo" {rElec rF+ Int+5 Dex+2} (You found it on level 9 of the Dungeon)
  8218 | D:9      | Reached skill level 1 in Invocations
  8230 | D:9      | Reached * piety under Okawaru
  8402 | D:10     | Entered Level 10 of the Dungeon
  8409 | D:10     | Noticed a two-headed ogre
  8417 | D:10     | Noticed a two-headed ogre
  8428 | D:9      | Killed a two-headed ogre
  8750 | D:10     | Found a blossoming altar of Fedhas.
  8752 | D:10     | Noticed an oklob plant
  8752 | D:10     | Noticed an oklob plant
  8849 | D:10     | Reached ** piety under Okawaru
  8930 | D:10     | Noticed a two-headed ogre
  8939 | D:10     | Killed a two-headed ogre
  8985 | D:10     | Killed a two-headed ogre
  9062 | D:10     | Killed from afar by an orc

Skill      XL: |  1  2  3  4  5  6  7  8  9 10 11 |
---------------+----------------------------------+-----
Maces & Flails | 3 4 5 6 8 9 10 11 | 11.6
Fighting       | 4 5 6 7 8 10 | 10.8
Dodging        | 2 3 5 6 |  6.4
Armour         | 4 6 8 |  8.2
Invocations    | 3 |  3.0
Shields        | |  3.2

Action                   |  1- 3 |  4- 6 |  7- 9 | 10-12 || total
-------------------------+-------+-------+-------+-------++-------
Melee: Flail             |   150 |   183 |   221 |   357 ||   911
  Use: Scroll            |       |       |       |    18 ||    18
  Eat: Chunk             |     2 |     5 |    10 |    13 ||    30
Armor: Scale mail        |    97 |    95 |   162 |    56 ||   410
       Chain mail        |       |       |       |    86 ||    86
Dodge: Dodged            |    56 |    59 |    72 |    98 ||   285
Block: Shield            |    83 |    79 |   118 |   147 ||   427
